 Dungeon Crawl Stone Soup version 0.28.0 (webtiles) character file.

Game seed: 9646483411140723052

31 sanka the Magician (level 3, -3/20 HPs)
             Began as a Deep Elf Transmuter on Feb 8, 2022.
             Succumbed to a kobold's poison
             ... on level 1 of the Dungeon.
             The game lasted 00:01:25 (1547 turns).

sanka the Magician (Deep Elf Transmuter)            Turns: 1547, Time: 00:01:25

Health: -3/20      AC:  2    Str:  7    XL:     3   Next: 7%
Magic:  11/11      EV: 12    Int: 19    God:
Gold:   51         SH:  0    Dex: 15    Spells: 8/12 levels left

rFire   . . .      SeeInvis .     - Unarmed
rCold   . . .      Faith    .   (no shield)
rNeg    . . .      Spirit   .   a - +0 robe
rPois   .          Reflect  .   (helmet currently unavailable)
rElec   .          Harm     .   (no cloak)
rCorr   .          Rampage  .   (no gloves)
Will    .....                   (boots currently unavailable)
Stlth   +.........              (no amulet)
HPRegen 0.06/turn               (no ring)
MPRegen 0.12/turn               (no ring)

@: lethally poisoned (-3 -> -20), appendages
A: horns 2, talons 2
a: End Transformation


You were on level 1 of the Dungeon.
You had temporarily grown beastly horns and talons.
You visited 1 branch of the dungeon, and saw 1 of its levels.

You collected 51 gold pieces.

Inventory:

Armour
 a - a +0 robe (worn)
Magical Staves
 c - a staff of fire
Jewellery
 d - an amulet of the acrobat
Scrolls
 b - 2 scrolls of teleportation {unknown}


   Skills:
 - Level 0.7 Fighting
 - Level 2.4 Dodging
 - Level 2.4 Unarmed Combat
 + Level 5.0 Spellcasting
 - Level 2.1 Transmutations


You had 8 spell levels left.
You knew the following spells:

 Your Spells              Type           Power      Damage    Failure   Level
a - Beastly Appendage     Tmut           26%        N/A       4%          1
b - Spider Form           Tmut/Pois      8%         N/A       24%         3

Your spell library contained the following spells:

 Spells                   Type           Power      Damage    Failure   Level
 Wereblood                Tmut           13%        N/A       8%          2
 Ice Form                 Ice/Tmut       8%         N/A       61%         4


Dungeon Overview and Level Annotations

Branches:
Dungeon (1/15)

Altars:


Innate Abilities, Weirdness & Mutations

You have temporarily grown beastly horns and talons.


Message History

You now have 51 gold pieces (gained 13).
A rat comes into view.
A rat is nearby!
You grow a pair of large bovine horns.
Your feet morph into talons.
The rat twitches its whiskers.
The rat bites you.
You hit the rat.
You kill the rat!
No target in view!
No target in view!
Magic restored.
Your transformation is almost over.
Your horns disappear.
Your talons disappear.
A kobold comes into view.
It is wielding a +2 short sword of venom.
Found a short sword.
The kobold shouts!
You hear a shout!
The kobold throws a stone.
The stone barely misses you.
A kobold is nearby!
You grow a pair of large bovine horns.
Your feet morph into talons.
The kobold throws a stone.
The stone misses you.
A gnoll comes into view. It is wielding a +0 club.
The kobold closely misses you.
You see here a +0 short sword.
You barely miss the kobold. Your kick misses the kobold.
The kobold hits you with a +2 short sword of venom.
You are poisoned.
You barely miss the kobold. Your kick misses the kobold.
You feel very sick.
The kobold hits you with a +2 short sword of venom.
You are lethally poisoned!
You hit the kobold.
The kobold is moderately wounded.
* * * LOW HITPOINT WARNING * * *
You feel very sick. The kobold completely misses you.
Unknown command.
* * * LOW HITPOINT WARNING * * *
You feel very sick.
The kobold throws a stone.
The stone closely misses you.
You die...

#...######.## #..#
#######.#.........#
#..#
.........#######.###
#..# ########.# #...#
#..# #.# ###.# #..#
#.# #.#######..#
#.#########..........#
#...........########.#
#....@#####.# #.#
#####.# #.# #.# #)#
#.# #)# #K# #.# #.#
.g# #.# #.#
#..#####.##### #.#
#............# #.#
...###...###.# #.#
#........###.####.#


You could see a gnoll and a kobold.

Vanquished Creatures
  2 dart slugs (D:1)
  2 bats (D:1)
  An endoplasm (D:1)
  3 goblins (D:1)
  2 hobgoblins (D:1)
  4 jackals (D:1)
  2 kobolds (D:1)
  3 ball pythons (D:1)
  A frilled lizard (D:1)
  5 rats (D:1)
25 creatures vanquished.

Notes
Turn   | Place    | Note
-------+----------+-------------------------------------------
     0 | D:1      | sanka the Deep Elf Transmuter began the quest for the Orb.
     0 | D:1      | Reached XP level 1. HP: 11/11 MP: 6/6
   449 | D:1      | Reached skill level 4 in Spellcasting
   449 | D:1      | Reached XP level 2. HP: 15/16 MP: 7/9
  1101 | D:1      | Reached XP level 3. HP: 12/20 MP: 11/11
  1107 | D:1      | Reached skill level 5 in Spellcasting
  1353 | D:1      | Learned a level 3 spell: Spider Form
  1546 | D:1      | HP: 1/20 [poisoned by a kobold]
  1547 | D:1      | Succumbed to a kobold's poison

Illustrated notes

Levels and vault maps discovered:
D:1:      amcnicky_arrival_blooded_trapdoor, layout_loops_ring

Skill      XL: |  1  2  3 |
---------------+----------+-----
Spellcasting   | 4 5 |  5.0
Fighting       | |  0.7
Dodging        | |  2.4
Unarmed Combat | |  2.4
Transmutations | |  2.1

Action                   || total
-------------------------++-------
Melee: Unarmed           ||    68
       Kick              ||    14
       Headbutt          ||     9
       Punch             ||     1
 Cast: Beastly Appendage ||    17
Armor: Robe              ||    12
Dodge: Dodged            ||    45
